 Dungeon Crawl Stone Soup version 0.29-a0-876-gfc89b1a5bd (webtiles) character file.

Game seed: 173741920352216973

4483 jlumianski the Chiller (level 10, -10/66 HPs)
             Began as a Demonspawn Ice Elementalist on July 19, 2022.
             Was an Elder of Okawaru.
             Killed by divine providence
             ... invoked by a meliai
              (16 damage)
             ... on level 8 of the Dungeon.
             The game lasted 00:48:16 (8684 turns).

jlumianski the Chiller (DsIE)                       Turns: 8684, Time: 00:48:19

Health: -10/66     AC:  7    Str:  8    XL:     10   Next: 16%
Magic:  17/20      EV: 16    Int: 24    God:    Okawaru [****..]
Gold:   494        SH:  0    Dex: 15    Spells: 10/23 levels left

rFire   + . .      SeeInvis .   F - staff of cold
rCold   + . .      Faith    .   (no shield)
rNeg    . . .      Spirit   .   V - +1 leather armour {rF+}
rPois   .          Reflect  .   (no helmet)
rElec   .          Harm     .   (no cloak)
rCorr   .          Rampage  .   p - +1 pair of gloves
Will    +....                   i - +0 pair of boots
Stlth   +++.......              f - amulet of regeneration
HPRegen 1.01/turn               M - ring of willpower
MPRegen 0.34/turn               r - +4 ring of evasion

@: freezing walls, studying Stealth
A: powered by death 2, magic regeneration, big brain 2, weakness stinger 1
a: Renounce Religion, Heroism, Finesse


You were on level 8 of the Dungeon.
You worshipped Okawaru.
Okawaru was greatly pleased with you.
You visited 2 branches of the dungeon, and saw 10 of its levels.

You collected 559 gold pieces.
You spent 65 gold pieces at shops.

Inventory:

Hand Weapons
 e - a +0 short sword
 o - the +4 short sword of Might {chaos, rN++ Will+ Int-3}
   (You found it on level 4 of the Dungeon)

   Each time it hits an enemy it has a different, random effect.
   Int:       It affects your intelligence (-3).
   rN:        It greatly protects you from negative energy.
   Will:      It increases your willpower.
 I - a +1 short sword of venom
 T - a +1 vampiric short sword
Missiles
 d - 25 stones (quivered)
 J - 13 poisoned darts
Armour
 a - a +0 robe
 i - a +0 pair of boots (worn)
 p - a +1 pair of gloves (worn)
 P - a +0 leather armour
 V - a +1 leather armour of fire resistance (worn)
 W - +0 steam dragon scales
Magical Staves
 t - a staff of conjuration
 F - a staff of cold (weapon)
Jewellery
 f - an amulet of regeneration (around neck)
 n - a ring of flight
 r - a +4 ring of evasion (right hand)
 w - an amulet of faith
 x - an amulet of regeneration
 L - a ring of ice
 M - a ring of willpower (left hand)
Wands
 l - a wand of charming (21)
 y - a wand of mindburst (9)
 C - a wand of acid (4)
 O - a wand of flame (54)
Scrolls
 c - 4 scrolls of teleportation
 s - 2 scrolls of fog
 z - a scroll of enchant weapon
 B - a scroll of poison
 G - a scroll of blinking
 H - a scroll of brand weapon
 R - a scroll of silence
 S - a scroll of magic mapping
Potions
 b - 3 potions of magic
 g - 3 potions of invisibility
 h - a potion of lignification
 j - 3 potions of brilliance
 k - 2 potions of cancellation
 m - 5 potions of degeneration
 q - 4 potions of curing
 u - 3 potions of haste
 v - a potion of berserk rage
 A - a potion of flight
 D - a potion of heal wounds
 N - a potion of attraction
 U - 2 potions of resistance


   Skills:
 + Level 1.4 Fighting
 + Level 1.8 Short Blades
 + Level 1.4 Staves
 + Level 0.3 Throwing
 + Level 1.9 Armour
 + Level 3.4 Dodging
 + Level 4.4 Stealth
 + Level 7.0 Spellcasting
 * Level 4.1 Conjurations
 + Level 7.3 Ice Magic
 + Level 0.5 Air Magic
 * Level 7.0 Invocations
 * Level 4.9 Evocations


You had 10 spell levels left.
You knew the following spells:

 Your Spells              Type           Power      Damage    Failure   Level
a - Freeze                Ice            100%       1d11      1%          1
b - Frozen Ramparts       Ice            100%       1d12      1%          3
c - Ozocubu's Armour      Ice            60%        N/A       1%          3
d - Hailstorm             Conj/Ice       52%        3d12      10%         4
e - Static Discharge      Conj/Air       19%        3-6/arc   6%          2

Your spell library contained the following spells:

 Spells                   Type           Power      Damage    Failure   Level
 Sticky Flame             Conj/Fire      18%        2d4       38%         4
 Dispel Undead            Necr           8%         3d8       69%         4
 Lightning Bolt           Conj/Air       9%         1d22      71%         5
 Maxwell's Capacitive Co  Air            5%         ∞         100%        8


Dungeon Overview and Level Annotations

Branches:
Dungeon (9/15)             Temple (1/1) D:7
   Lair: D:8-11         Orc: D:9-12

Altars:
Ashenzari
Cheibriados
Dithmenos
Fedhas
Gozag
Hepliaklqana
Kikubaaqudgha
Makhleb
Okawaru
Ru
Sif Muna
Trog
Uskayaw
Wu Jian
Xom
Yredelemnul

Shops:
D:2 !


Innate Abilities, Weirdness & Mutations

You regenerate health from kills.
You regenerate magic rapidly.
You have an extremely huge brain. (Int +4)
You have a small tail.


Message History

You climb downwards.
The meliai buzzes angrily.
The orc warrior shouts!
An orc comes into view. It is wielding a +0 whip.
The meliai calls down the wrath of its god upon you.
Something smites you!
The meliai calls down the wrath of its god upon you.
Something smites you!
The orc shouts!
There is a stone staircase leading up, spattered with blood here.
The meliai misses you. The meliai closely misses you.
The meliai barely misses you.
The meliai stings you but does no damage.
The meliai closely misses you. The meliai stings you!
The meliai closely misses you. The meliai barely misses you. x3
The meliai invokes the aid of its god against you.
Something smites you!
You climb upwards.
There is a stone staircase leading down, spattered with blood here.
You see here a wyvern corpse.
Casting: Static Discharge (safe; 6% risk of failure)
Confirm with . or Enter, or press ? or * to list all spells.
Casting: Frozen Ramparts (safe; 1% risk of failure)
Press: ? - help, Dir - look around, f - activate A stone staircase leading down, spattered with blood.
You feel a surge of power!
The walls around you are covered in ice.
The wall freezes the meliai.
The meliai mumbles some strange prayers to its god against you.
Something smites you!
* * * LOW HITPOINT WARNING * * *
The wall freezes the meliai.
The meliai barely misses you. The meliai closely misses you.
The wall freezes the meliai.
The meliai hits you with a +0 hand axe.
* * * LOW HITPOINT WARNING * * *
The meliai stings you.
* * * LOW HITPOINT WARNING * * *
The wall freezes the meliai.
The meliai invokes the aid of its god against you.
Something smites you!
You die...

###.## ##.##
##.##### ##....##
### ##....#
#.######...# #
##.........##
####.#####...######
......## #######@y#
#.###..## ###.[y##
..#####.####.....#
#..# ##..##.....#
##.## #.........##
#..# ##...#.....#
##.##############.#
#.###...# ###
#.##....#


You could see 2 meliai.

Vanquished Creatures
  An ugly thing (D:8)
  A slime creature (D:8)
  Grinder (D:4)
  A meliai (D:8)
  A wyvern (D:8)
  6 yaks (D:8)
  A steam dragon (D:8)
  Duvessa (D:7)
  A water moccasin (D:7)
  A black bear (D:7)
  3 ogres
  A centaur (D:8)
  A phantom (D:4)
  A kobold brigand (D:7)
  3 bullfrogs
  A necrophage (D:7)
  A gnoll sergeant (D:8)
  2 scorpions
  Dowan (D:7)
  6 killer bees (D:8)
  6 howler monkeys
  An orc priest (D:7)
  2 hounds
  5 jellies
  3 iguanas
  Ijyb (D:4)
  3 orc wizards
  5 gnolls (D:8)
  7 adders
  3 white imps
  An ufetubus (D:4)
  3 worms (D:2)
  3 dart slugs (D:1)
  11 orcs
  6 ball pythons
  4 endoplasms
  7 giant cockroaches
  9 goblins
  4 hobgoblins
  14 kobolds
  4 quokkas
  5 bats
  A frilled lizard (D:3)
  4 rats
147 creatures vanquished.

Notes
Turn   | Place    | Note
-------+----------+-------------------------------------------
     0 | D:1      | jlumianski the Demonspawn Ice Elementalist began the quest
                  | for the Orb.
     0 | D:1      | Reached XP level 1. HP: 13/13 MP: 3/3
   225 | D:1      | Gained mutation: You have an unusually large brain. (Int
                  | +2) [demonic ancestry]
   225 | D:1      | Reached XP level 2. HP: 8/19 MP: 1/5
   724 | D:1      | Found a faded altar of an unknown god.
   772 | D:1      | Gained mutation: You have an extremely huge brain. (Int +4)
                  | [demonic ancestry]
   772 | D:1      | Reached XP level 3. HP: 22/24 MP: 6/6
   776 | D:1      | Learned a level 3 spell: Frozen Ramparts
  1955 | D:4      | Reached XP level 4. HP: 30/30 MP: 3/8
  2010 | D:4      | Identified the +4 short sword of Might {chaos, rN++ Will+
                  | Int-3}
  2233 | D:5      | Entered Level 5 of the Dungeon
  2233 | D:5      | Noticed a phantom
  2239 | D:4      | Killed a phantom
  2240 | D:4      | Gained mutation: You regenerate a little health from kills.
                  | [demonic ancestry]
  2240 | D:4      | Reached XP level 5. HP: 31/36 MP: 5/9
  2246 | D:4      | Reached skill level 1 in Short Blades
  2446 | D:6      | Learned a level 3 spell: Ozocubu's Armour
  2582 | D:7      | Found a staircase to the Ecumenical Temple.
  2589 | Temple   | Entered the Ecumenical Temple
  2600 | Temple   | Became a worshipper of Warmaster Okawaru
  2639 | D:7      | Reached skill level 5 in Ice Magic
  2639 | D:7      | Gained mutation: You regenerate magic rapidly. [demonic
                  | ancestry]
  2639 | D:7      | Reached XP level 6. HP: 39/42 MP: 4/11
  2709 | D:7      | Noticed a water moccasin
  2749 | D:7      | Found an ancient bone altar of Kikubaaqudgha.
  3187 | D:7      | Reached skill level 1 in Invocations
  3277 | D:9      | Noticed a white ugly thing
  3281 | D:9      | Noticed a centaur warrior
  3282 | D:9      | Noticed a slime creature
  3483 | D:5      | Reached * piety under Okawaru
  3485 | D:5      | Reached XP level 7. HP: 46/47 MP: 10/13
  3871 | D:4      | Reached skill level 1 in Evocations
  4276 | D:2      | Found Ogycvyum's Distillery.
  4281 | D:2      | Bought a potion of heal wounds for 65 gold pieces
  4896 | D:2      | Learned a level 4 spell: Hailstorm
  5567 | D:4      | Noticed Ijyb
  5574 | D:4      | Killed Ijyb
  5799 | D:4      | Noticed Grinder
  5804 | D:4      | Killed Grinder
  5913 | D:4      | Reached skill level 1 in Fighting
  5913 | D:4      | Reached skill level 1 in Staves
  5913 | D:4      | Reached skill level 1 in Conjurations
  5988 | D:4      | Found a sacrificial altar of Ru.
  6171 | D:5      | Reached XP level 8. HP: 54/54 MP: 10/15
  6543 | D:6      | Found a snail-covered altar of Cheibriados.
  6631 | D:7      | Found a hazy altar of Hepliaklqana.
  6810 | D:6      | Reached skill level 5 in Spellcasting
  6828 | D:6      | Learned a level 2 spell: Static Discharge
  7146 | D:7      | Reached ** piety under Okawaru
  7414 | D:7      | Noticed Duvessa
  7414 | D:7      | Noticed Dowan
  7433 | D:7      | Killed Duvessa
  7437 | D:7      | Killed Dowan
  7758 | D:8      | Gained mutation: You have a small tail. [demonic ancestry]
  7758 | D:8      | Reached XP level 9. HP: 31/59 MP: 6/17
  7759 | D:8      | Reached skill level 1 in Armour
  7759 | D:8      | Reached skill level 5 in Invocations
  7762 | D:8      | Reached *** piety under Okawaru
  8327 | D:8      | HP: 2/59 [slime creature (6)]
  8472 | D:8      | Reached **** piety under Okawaru
  8568 | D:9      | Gained mutation: You regenerate health from kills. [demonic
                  | ancestry]
  8568 | D:9      | Reached XP level 10. HP: 65/66 MP: 17/20
  8641 | D:8      | Killed a white ugly thing
  8684 | D:8      | Killed from afar by a meliai

Illustrated notes

Levels and vault maps discovered:
D:1:      amcnicky_arrival_blooded_trapdoor, layout_rooms,
          hellmonk_ecumenical_altar_leap_of_faith, minmay_tromino_v4_b
D:2:      layout_basic, serial_shops, shop, serial_corexii_hall,
          corexii_hall_statues_x, chequers_hall_statues_wall_a, minmay_tall_x
D:3:      layout_basic, chequers_serial_rivers_micro_a
D:4:      layout_loops_corners, nicolae_overflow_crystal_walls, uniq_ijyb,
          uniq_grinder
D:5:      layout_cave_pools
D:6:      layout_basic, cheibriados_altar_1
D:7:      layout_gridville, old_standard_altar, kiku_gazebo_garden_becter,
          minmay_temple_entry_gardened_gates, hex_tiny, minivault_22,
          uniq_duvessa
D:8:      layout_layer_cave, kennysheep_generic_room_9
D:9:      minmay_bloctagon_deflated, layout_rooms, minmay_misc_feat_enclosed
Temple:   dpeg_three_leaves_temple

Skill      XL: |  1  2  3  4  5  6  7  8  9 10 |
---------------+-------------------------------+-----
Ice Magic      | 4 5 6 7 |  7.3
Stealth        | 2 3 4 |  4.4
Dodging        | 2 3 |  3.4
Spellcasting   | 3 4 5 6 7 |  7.0
Short Blades   | 1 |  1.8
Invocations    | 1 2 4 6 7 |  7.0
Evocations     | 2 3 4 |  4.9
Fighting       | 1 |  1.4
Staves         | 1 |  1.4
Conjurations   | 1 3 4 |  4.1
Armour         | 1 |  1.9
Throwing       | |  0.3
Air Magic      | |  0.5

Action                   |  1- 3 |  4- 6 |  7- 9 | 10-12 || total
-------------------------+-------+-------+-------+-------++-------
Melee: Unarmed           |    11 |       |       |       ||    11
       Short sword       |    41 |    39 |     3 |       ||    83
       Punch             |     2 |       |       |       ||     2
       Staff             |       |       |    81 |       ||    81
       Tailslap          |       |       |     5 |       ||     5
Throw: Stone             |       |     1 |    14 |       ||    15
 Cast: Freeze            |    30 |     5 |    40 |     2 ||    77
       Frozen Ramparts   |     7 |    10 |    49 |     3 ||    69
       Ozocubu's Armour  |       |     1 |     8 |     1 ||    10
       Static Discharge  |       |       |     5 |     6 ||    11
       Hailstorm         |       |       |     1 |       ||     1
Evoke: Wand              |       |       |     2 |       ||     2
  Use: Scroll            |       |       |    22 |       ||    22
       Potion            |       |       |     2 |       ||     2
 Stab: Sleeping          |     4 |       |     1 |       ||     5
Armor: Robe              |    31 |    12 |    11 |       ||    54
       Leather armour    |       |       |    25 |     4 ||    29
Dodge: Dodged            |    62 |    31 |   130 |    23 ||   246

Table legend: (Time is in decaauts)
 A = Elapsed time spent in this place.
 B = Non-inter-level travel time spent in this place.
 C = Inter-level travel time spent in this place.
 D = Time resting spent in this place.
 E = Time spent auto-exploring this place.
 F = Levels seen in this place.
 G = Mean time per level.
                   A        B        C        D        E       F      G
               +--------+--------+--------+--------+--------+-----+--------+
         Total |   8705 |   8482 |    223 |    750 |   4921 |  10 |  870.5 |
       Dungeon |   8684 |   8461 |    223 |    750 |   4921 |   9 |  964.9 |
        Temple |     20 |     20 |      0 |      0 |      0 |   1 |   20.0 |
               +--------+--------+--------+--------+--------+-----+--------+

Top non-repeatable levels by time:
     D:1: 1630 daAuts
     D:8: 1147 daAuts
     D:7: 1145 daAuts
     D:3: 1104 daAuts
     D:2: 1094 daAuts
     D:4: 1047 daAuts
     D:6: 930 daAuts
     D:5: 498 daAuts
     D:9: 86 daAuts
  Temple: 20 daAuts
